 Dungeon Crawl Stone Soup version 0.29.1-15-g9cfb28693d (webtiles) character file.

Game seed: 6791087231107470039

12544 hawla the Thaumaturge (level 12, -4/92 HPs)
             Began as a Meteoran Ice Elementalist on Apr 4, 2023.
             Was an Initiate of Gozag.
             Slain by a hell knight
             ... wielding a +2 halberd of flaming
              (7 damage)
             ... in a volcano on Apr 5, 2023.
             The game lasted 00:27:19 (5317 turns).

hawla the Thaumaturge (Meteoran Ice Elementalist)   Turns: 5317, Time: 00:27:20

Health: -4/92      AC: 11    Str: 20    XL:     12   Next: 51%
Magic:  14/28      EV: 14    Int: 22    God:    Gozag
Gold:   1355       SH:  0    Dex: 14    Spells: 19/34 levels left

rFire   . . .      SeeInvis +   z - +9 quarterstaff of Checkmate {spect, rCorr Str+7}
rCold   . . .      Faith    .   (shield currently unavailable)
rNeg    + . .      Spirit   .   B - +2 robe of Nuoshrogym {Str+2}
rPois   +          Reflect  .   c - +2 helmet
rElec   .          Harm     .   w - +2 cloak {rPois}
rCorr   +          Rampage  .   (no gloves)
Will    +....                   s - +0 pair of boots
Stlth   +.........              m - amulet of magic regeneration
HPRegen 0.25/turn               h - ring of see invisible
MPRegen 0.61/turn               l - ring of positive energy

@: gold aura, glowing
A: sense surroundings 2, otherworldly, glowing, explore regen
a: Renounce Religion, Potion Petition, Call Merchant, Bribe Branch


You were in a volcano.
You worshipped Gozag.
Gozag was most pleased with you.
You visited 3 branches of the dungeon, and saw 14 of its levels.
You also visited: Volcano.

You collected 1836 gold pieces.
You spent 414 gold pieces at shops.
You paid 67 gold pieces to Gozag.

Inventory:

Hand Weapons
 a - the +6 morningstar of Tozim {freeze, Will+ SInv}
   (You bought it in a shop on level 8 of the Dungeon)

   It freezes those it strikes, dealing additional cold damage.
   It can also slow down cold-blooded creatures.
   SInv:      It lets you see invisible.
   Will:      It increases your willpower.
 v - a +3 vorpal quarterstaff
 z - the +9 quarterstaff of Checkmate (weapon) {spect, rCorr Str+7}
   (You bought it in a shop on level 8 of the Dungeon)

   When its wielder attacks, the weapon's spirit leaps out and strikes again.
   The spirit shares a part of any damage it takes with its wielder.
   Str:       It affects your strength (+7).
   rCorr:     It protects you from acid and corrosion.
 C - the +11 mace "Lases" {protect, rC+}
   (You found it on level 9 of the Dungeon)

   It grants its wielder temporary protection when it strikes (+7 to AC).
   rC:        It protects you from cold.
Armour
 c - a +2 helmet (worn)
 s - a +0 pair of boots (worn)
 w - a +2 cloak of poison resistance (worn)
 B - the +2 robe of Nuoshrogym (worn) {Str+2}
   (You found it on level 8 of the Dungeon)

   Str:       It affects your strength (+2).
Jewellery
 g - a ring of ice
 h - a ring of see invisible (left hand)
 l - a ring of positive energy (right hand)
 m - an amulet of magic regeneration (around neck)
 D - an amulet of reflection
 H - a ring of ice
Wands
 p - a wand of paralysis (8) (quivered)
 G - a wand of light (6)
 I - a wand of polymorph (4)
Scrolls
 d - a scroll of poison
 i - 3 scrolls of amnesia
 n - 4 scrolls of teleportation
 r - 6 scrolls of identify
Potions
 b - 3 potions of magic
 e - 4 potions of brilliance
 f - 2 potions of heal wounds {unknown}
 j - a potion of lignification
 k - 3 potions of might {unknown}
 o - a potion of flight {unknown}
 q - 3 potions of ambrosia {unknown}
 x - 3 potions of degeneration {unknown}
 A - a potion of cancellation {unknown}
 E - a potion of mutation {unknown}
 J - a potion of berserk rage {unknown}
Miscellaneous
 F - a phial of floods


   Skills:
 + Level 4.3 Fighting
 + Level 1.2(5.4) Maces & Flails
 + Level 7.7 Staves
 + Level 6.1 Dodging
 - Level 1.4 Stealth
 + Level 11.5 Spellcasting
 + Level 6.6 Conjurations
 + Level 2.1 Necromancy
 + Level 10.6 Ice Magic
 + Level 9.3 Air Magic
 + Level 3.0 Evocations


You had 19 spell levels left.
You knew the following spells:

 Your Spells              Type           Power      Damage    Failure   Level
a - Freeze                Ice            100%       1d11      1%          1
b - Frozen Ramparts       Ice            100%       1d16      1%          3
c - Hailstorm             Conj/Ice       50%        3d11      1%          4
d - Vampiric Draining     Necr           21%        2d7       7%          3
e - Airstrike             Air            26%        2d(4-20)  1%          4

Your spell library contained the following spells:

 Spells                   Type           Power      Damage    Failure   Level
 Ozocubu's Armour         Ice            56%        N/A       1%          3
 Slow                     Hex            48%        N/A       5%          1
 Lightning Bolt           Conj/Air       23%        1d39      5%          5
 Ice Form                 Ice/Tmut       36%        N/A       6%          4
 Summon Ice Beast         Ice/Summ       36%        N/A       6%          4
 Summon Lightning Spire   Summ/Air       33%        N/A       8%          4
 Confusing Touch          Hex            12%        N/A       16%         3


Dungeon Overview and Level Annotations

Branches:
Dungeon (10/15) Zot: 1415  Temple (1/1) D:4 Zot: 356    Lair (3/5) D:9 Zot: 1320
Volcano (1/1) Zot: 579
  Swamp: Lair:2-3    Shoals: Lair:2-3     Snake: Lair:2-3    Spider: Lair:2-3
    Orc: D:9-12

Altars:
Ashenzari
Cheibriados
Dithmenos
Elyvilon
Fedhas
Gozag
Hepliaklqana
Kikubaaqudgha
Makhleb
Nemelex Xobeh
Okawaru
Qazlal
Ru
Sif Muna
Trog
Uskayaw
Wu Jian
Xom
Yredelemnul
Zin
The Shining One

Shops:
D:8 (


Innate Abilities, Weirdness & Mutations

You passively map the area around you.
You are easily found by Zot.
You glow in the dark.
You regain HP and MP as you explore.


Message History

Confirm with . or Enter, or press ? or * to list all spells.
Casting: Hailstorm (mildly dangerous; 1% risk of failure)
Press: ? - help, Dir - look around, f - activate A cannonade of hail descends around you!
The hail pelts the hell knight!
The hell knight is lightly wounded.
Unknown command.
Casting: Hailstorm (mildly dangerous; 1% risk of failure)
Confirm with . or Enter, or press ? or * to list all spells.
Casting: Hailstorm (mildly dangerous; 1% risk of failure)
Press: ? - help, Dir - look around, f - activate A cannonade of hail descends around you!
The hail pelts the hell knight!
The hell knight is heavily wounded.
The hell knight hits you from afar with a +2 halberd of flaming!
The hell knight burns you. The hell knight misses you.
Casting: Hailstorm (mildly dangerous; 1% risk of failure)
Confirm with . or Enter, or press ? or * to list all spells.
Casting: Hailstorm (mildly dangerous; 1% risk of failure)
Press: ? - help, Dir - look around, f - activate A cannonade of hail descends around you!
The hail pelts the hell knight!
The hell knight is severely wounded.
The hell knight hits you from afar with a +2 halberd of flaming!
The hell knight burns you!
Casting: Hailstorm (mildly dangerous; 1% risk of failure)
Confirm with . or Enter, or press ? or * to list all spells.
Casting: Hailstorm (mildly dangerous; 1% risk of failure)
Press: ? - help, Dir - look around, f - activate A cannonade of hail descends around you!
The hail pelts the hell knight.
The hell knight is severely wounded.
The hell knight calls down the wrath of its god upon you.
The bolt of fire hits you!!
* * * LOW HITPOINT WARNING * * *
The hell knight hits you from afar with a +2 halberd of flaming!!
* * * LOW HITPOINT WARNING * * *
The hell knight burns you!
You die...
Your body crumbles into a pile of gold.

##○* #○○###
##≈≈≈≈##
##§≈≈≈≈≈##
#≈≈≈($≈≈≈#
##.[)[.!.# *~
#...$!..# ~
#...p.@# ~ ** ##
######.### *
,,,...##
###.....#.. ,, ,
....##...........
,
#.......§≈§≈≈§≈~,
,~ *
##.....≈≈≈§§≈≈≈ ,
* #.....§≈§§§≈≈≈≈
* ##....§§§§§≈§§≈
#....≈§§≈§≈≈§§ ~


You could see a hell knight (fast).

Vanquished Creatures
  2 hydras
  A death yak (D:8)
  A lindwurm (Lair:3)
  2 black mambas
  A cane toad (Lair:3)
  2 kobold demonologists (D:9)
  2 komodo dragons
  Psyche (D:9)
  2 dream sheep (D:9)
  A wraith (D:9)
  A shadow (D:9)
  A vampire (D:10)
  8 yaks (D:8)
  4 wyverns (D:9)
  8 water moccasins
  A black bear (D:5)
  4 ice beasts
  An orc warrior (D:9)
  A sky beast (D:7)
  4 centaurs
  8 wolves
  8 bullfrogs
  4 gnoll sergeants
  5 kobold brigands
  12 wights
  A hornet simulacrum (D:8)
  5 killer bees (D:7)
  5 electric eels
  A jelly (D:7)
  7 orc priests
  Crazy Yiuf (D:7)
  4 hounds
  2 iguanas
  4 orc wizards
  A centaur simulacrum (D:8)
  An adder (D:3)
  19 gnolls
  8 white imps
  A howler monkey simulacrum (D:8)
  2 worms (D:2)
  3 dart slugs
  29 orcs
  2 ball pythons
  7 endoplasms
  3 giant cockroaches
  4 goblins
  6 hobgoblins
  A jackal (D:2)
  14 kobolds
  3 quokkas
  3 bats
  A frilled lizard (D:2)
  3 rats
226 creatures vanquished.

Vanquished Creatures (others)
  A white imp (D:8)
  A fungus (Lair:2)
  2 plants (D:9)
4 creatures vanquished.

Grand Total: 230 creatures vanquished

Notes
Turn   | Place    | Note
-------+----------+-------------------------------------------
     0 | D:1      | hawla the Meteoran Ice Elementalist began the quest for the
                  | Orb.
     0 | D:1      | Reached XP level 1. HP: 14/14 MP: 5/5
   104 | D:1      | Reached XP level 2. HP: 10/20 MP: 2/6
   211 | D:2      | Reached XP level 3. HP: 13/26 MP: 5/8
   225 | D:2      | Reached skill level 3 in Spellcasting
   244 | D:2      | Learned a level 3 spell: Frozen Ramparts
   415 | D:3      | Reached XP level 4. HP: 30/33 MP: 4/10
   428 | D:3      | Learned a level 4 spell: Hailstorm
   595 | D:3      | Reached skill level 1 in Conjurations
   623 | D:3      | Reached XP level 5. HP: 37/38 MP: 7/11
   820 | D:3      | Found a hazy altar of Hepliaklqana.
  1009 | D:4      | Found a staircase to the Ecumenical Temple.
  1026 | Temple   | Entered the Ecumenical Temple
  1256 | Temple   | Became a worshipper of Gozag Ym Sagoz the Greedy
  1425 | D:4      | Reached XP level 6. HP: 38/45 MP: 10/12
  1458 | D:5      | Entered Level 5 of the Dungeon
  1526 | D:5      | Reached skill level 5 in Ice Magic
  1549 | D:5      | Reached skill level 1 in Evocations
  1632 | D:5      | Noticed a black bear
  1635 | D:5      | Killed a black bear
  1636 | D:5      | Reached XP level 7. HP: 42/50 MP: 8/13
  1646 | D:6      | Noticed a water moccasin
  1651 | D:6      | Killed a water moccasin
  1652 | D:6      | Reached skill level 1 in Staves
  1652 | D:6      | Reached skill level 4 in Spellcasting
  1652 | D:6      | Reached skill level 5 in Conjurations
  1751 | D:7      | Found a runed translucent door.
  1752 | D:7      | Noticed Crazy Yiuf
  1758 | D:7      | Killed Crazy Yiuf
  1825 | D:7      | Reached skill level 1 in Fighting
  1825 | D:7      | Reached skill level 5 in Spellcasting
  1825 | D:7      | Reached XP level 8. HP: 56/59 MP: 5/16
  1909 | D:7      | Reached skill level 6 in Spellcasting
  1987 | D:8      | Found Jeoloase's Antique Weapon Shop.
  1993 | D:8      | Bought a faintly glowing quarterstaff for 207 gold pieces
  1993 | D:8      | Identified the +9 quarterstaff of Checkmate {spect, rCorr
                  | Str+7} (You bought it in a shop on level 8 of the Dungeon)
  2126 | D:8      | Reached skill level 7 in Spellcasting
  2126 | D:8      | Gained mutation: You passively map the area around you.
                  | [Meteoran growth]
  2126 | D:8      | Reached XP level 9. HP: 60/64 MP: 20/20
  2154 | D:8      | Noticed a death yak
  2162 | D:8      | Killed a death yak
  2163 | D:8      | Reached skill level 8 in Spellcasting
  2174 | D:8      | Reached XP level 10. HP: 22/73 MP: 12/23
  2177 | D:8      | Reached skill level 9 in Spellcasting
  2439 | D:8      | Reached skill level 5 in Staves
  2554 | D:8      | Reached skill level 10 in Spellcasting
  2621 | D:8      | Identified the +2 robe of Nuoshrogym {Str+2}
  2724 | D:8      | Reached skill level 5 in Dodging
  3042 | D:8      | Bought an ebony morningstar for 207 gold pieces
  3042 | D:8      | Identified the +6 morningstar of Tozim {freeze, Will+ SInv}
                  | (You bought it in a shop on level 8 of the Dungeon)
  3124 | D:9      | Identified the +11 mace "Lases" {protect, rC+}
  3253 | D:9      | Reached XP level 11. HP: 82/82 MP: 18/26
  3296 | D:9      | Found an ornate altar of the Wu Jian Council.
  3354 | D:9      | Found a staircase to the Lair.
  3417 | D:10     | Entered Level 10 of the Dungeon
  3468 | D:10     | Reached skill level 10 in Ice Magic
  3480 | D:10     | Learned a level 3 spell: Vampiric Draining
  3624 | D:10     | Reached skill level 1 in Necromancy
  3720 | D:10     | Learned a level 4 spell: Airstrike
  3733 | D:10     | Reached skill level 1 in Air Magic
  4375 | D:9      | Reached skill level 5 in Air Magic
  4521 | D:9      | Noticed Psyche
  4528 | D:9      | Killed Psyche
  4708 | D:9      | Noticed a three-headed hydra
  4713 | D:9      | Killed a three-headed hydra
  4813 | Lair:1   | Entered Level 1 of the Lair of Beasts
  4858 | Lair:1   | Reached XP level 12. HP: 90/90 MP: 18/27
  4887 | Lair:1   | Reached skill level 1 in Maces & Flails
  4889 | Lair:1   | Reached skill level 11 in Spellcasting
  4921 | Lair:1   | Identified the +1 ring mail "Nasox" {Rampage Str+4 SInv}
  4981 | Lair:2   | Noticed a four-headed hydra
  4987 | Lair:2   | Killed a four-headed hydra
  5282 | Lair:3   | Noticed a lindwurm
  5284 | Lair:3   | Found a dark tunnel.
  5291 | Lair:3   | Killed a lindwurm
  5297 | Volcano  | Entered a volcano
  5312 | Volcano  | Noticed a hell knight
  5317 | Volcano  | HP: 3/92 [hell knight/+2 halberd of flaming (20)]
  5317 | Volcano  | Slain by a hell knight

Illustrated notes

Levels and vault maps discovered:
D:1:      dpeg_arrival_pond, layout_loops_ring, serial_forest,
          infiniplex_forest_lined_2, infiniplex_forest_end_double,
          infiniplex_forest_clump_cross, infiniplex_forest_clump_tiny,
          infiniplex_forest_clump_tiny, infiniplex_forest_clump_curved,
          infiniplex_forest_end_2, infiniplex_forest_lined_corner,
          basic_ecumenical_altar
D:2:      layout_basic, st_stairs_5, minmay_tall_x
D:3:      layout_loops_corners, lemuel_crystal_altar, kennysheep_doodads
D:4:      layout_gridville, temple_pool_b
D:5:      layout_basic, minmay_misc_feat_rows, st_stairs_13, dk_noncrumbling_2,
          dreamdust_mushroom_princess
D:6:      layout_basic, hex_intersection
D:7:      layout_loops_ring, nicolae_overflow_hidden_temple, uniq_joseph,
          uniq_crazy_yiuf_cottage
D:8:      layout_loops_corners, serial_ice, serial_ice_g, serial_ice_a,
          serial_ice_j, serial_ice_b, serial_ice_c, serial_ice_e, serial_ice_h,
          serial_ice_m, serial_ice_f, serial_ice_d, serial_shops,
          nicolae_shop_stone, kennysheep_flooded_box
D:9:      minmay_inner_zag, layout_small_grid,
          mainiacjoe_overflow_surrounded_room, erik_lair_island,
          hangedman_decor_clover_reticule, minmay_stone_trees_small,
          st_stairs_9, hangedman_ranch, uniq_psyche
D:10:     layout_gridville
Temple:   compressed_dpeg_triangle_lava_temple
Lair:1:   wander_river, layout_chaotic_city, grunt_megastairs_3
Lair:2:   layout_gridlike, spider_nest_entry_web_field,
          nicolae_quartered_pool_super, serial_bayou_pond_d, uniq_nergalle
Lair:3:   gammafunk_indiana_jones, layout_gridlike, skrybe_swamp_entry_bodies,
          nicolae_volcano_entry_vermiform
Volcano:  volcano_pools

Skill      XL: |  1  2  3  4  5  6  7  8  9 10 11 12 |
---------------+-------------------------------------+-----
Dodging        | 3 4 5 6 |  6.1
Spellcasting   | 3 5 7 8 10 11 | 11.5
Conjurations   | 2 4 5 6 |  6.6
Ice Magic      | 5 7 8 9 10 | 10.6
Evocations     | 3 |  3.0
Staves         | 1 3 6 7 |  7.7
Fighting       | 1 3 4 |  4.3
Necromancy     | 2 |  2.1
Air Magic      | 9 |  9.3
Maces & Flails | 1 |  1.2
Stealth        | |  1.4

Action                   |  1- 3 |  4- 6 |  7- 9 | 10-12 || total
-------------------------+-------+-------+-------+-------++-------
Melee: Unarmed           |    19 |       |       |       ||    19
       Quarterstaff      |     4 |    60 |    28 |   129 ||   221
       Punch             |     1 |       |       |       ||     1
       Mace              |       |       |       |    11 ||    11
 Cast: Freeze            |    47 |     5 |     8 |    13 ||    73
       Frozen Ramparts   |     3 |    10 |    11 |    15 ||    39
       Hailstorm         |       |     4 |    10 |    67 ||    81
Evoke: Wand              |       |       |       |     2 ||     2
  Use: Scroll            |     6 |       |       |     6 ||    12
       Potion            |       |       |     2 |       ||     2
 Stab: Distracted        |       |       |       |     1 ||     1
Armor: Robe              |    11 |    23 |    10 |    38 ||    82
Dodge: Dodged            |    31 |    47 |    19 |    99 ||   196
